 Dungeon Crawl Stone Soup version 0.23.2 (webtiles) character file.

Game seed: 3070752565395213421

1115 Borgoz the Sneak (level 8, 0/66 HPs)
             Began as a Ghoul Assassin on Apr 4, 2019.
             Slain by Menkaure (9 damage)
             ... on level 6 of the Dungeon.
             The game lasted 00:09:00 (4825 turns).

Borgoz the Sneak (Ghoul Assassin)                   Turns: 4825, Time: 00:09:01

Health: 0/66       AC:  5    Str: 15    XL:     8   Next: 34%
Magic:  0/7        EV: 12    Int:  6    God:
Gold:   273        SH:  0    Dex: 12    Spells: 7/7 levels left

rFire    + . .     SeeInvis .   w - +2 dagger (drain)
rCold    + + .     Gourm    .   (no shield)
rNeg     + + +     Faith    .   p - +0 ring mail
rPois    ∞         Spirit   +   (no helmet)
rElec    +         Reflect  .   D - scarf {Spirit}
rCorr    +         Harm     .   (no gloves)
MR       .....                  (no boots)
Stlth    ++++......             u - amulet of regeneration
HPRegen  0.00/turn              l - ring of stealth
MPRegen  0.10/turn              o - ring of stealth

@: resistant, rotting
A: rotting body, claws 1, carnivore, cold resistance 1, negative energy
resistance 3, inhibited regeneration, torment resistance, unbreathing
a: no special abilities


You were on level 6 of the Dungeon.
You were not hungry.

You visited 1 branch of the dungeon, and saw 6 of its levels.

You collected 273 gold pieces.

Inventory:

Hand Weapons
 a - a +2 dagger
 b - a +0 blowgun
 w - a +2 dagger of draining (weapon)
Missiles
 e - 15 poisoned needles
 f - 2 curare-tipped needles
 k - 6 tomahawks (quivered)
Armour
 p - a +0 ring mail (worn)
 D - a scarf of spirit shield (worn)
Jewellery
 l - a ring of stealth (left claw)
 o - a ring of stealth (right claw)
 u - an amulet of regeneration (around neck)
 z - an uncursed ring of resist corrosion
Wands
 s - a wand of polymorph (12)
 x - a wand of digging (3)
 y - a wand of flame (26)
Scrolls
 h - 2 scrolls of magic mapping
 j - a scroll of blinking
 r - a scroll of remove curse
Potions
 m - a potion of agility
Comestibles
 c - 2 chunks of flesh
 g - 13 rations


   Skills:
 + Level 4.1 Fighting
 * Level 4.6 Short Blades
 - Level 1.7 Throwing
 * Level 4.1 Armour
 * Level 4.3 Dodging
 + Level 5.9 Stealth


You had 7 spell levels left.
You didn't know any spells.
Your spell library contained the following spells:

 Spells                   Type           Power        Failure   Level  Hunger
 Magic Dart               Conj           #...         67%         1    ##.....
 Searing Ray              Conj           #.....       80%         2    ###....
 Dazzling Spray           Conj/Hex       #.....       95%         3    ####...
 Force Lance              Conj/Tloc      #.......     100%        4    #####..
 Fulminant Prism          Conj/Hex       #.........   100%        4    #####..
 Iskenderun's Mystic Bla  Conj           #.......     100%        4    #####..


Dungeon Overview and Level Annotations

Branches:
Dungeon (6/15)
 Temple: D:4-7

Altars:
Okawaru
Qazlal
Yredelemnul

Shops:
D:5 (

Annotations:
D:6 Menkaure


Innate Abilities, Weirdness & Mutations

Your body is rotting away.
You thrive on raw meat.
You are immune to poison.
You have sharp fingernails.
You are carnivorous and can eat meat at any time.
Your flesh is cold resistant. (rC+)
You are immune to negative energy. (rN+++)
You do not regenerate when monsters are visible.
You are immune to unholy pain and torment.
You can survive without breathing.


Message History

Menkaure hits you!
You hit Menkaure.
Menkaure is lightly damaged.
You hit Menkaure.
Menkaure is moderately damaged.
Menkaure hits you!
You barely miss Menkaure.
Menkaure is moderately damaged.
Menkaure barely misses you. Menkaure hits you!
You feel protected. Menkaure hits you!!
* * * LOW HITPOINT WARNING * * *
The hippogriff bites you but does no damage.
The hippogriff pecks you but does no damage.
The hippogriff claws you but does no damage.
You feel better.
A centaur comes into view.
Menkaure hits you!
You die...

. #....#.#......#.. ....
#....#.#......#..
.#.....#.####.#.........
.........................
#.......#......÷.......
#.......#.#...#..#.....
........#.#...#..# ...
........#..HM.#..# .
.##+##..###@###..#
#............#
.#...#.#####.c. .... ..
.. ... ... #. ..#. .
..... ......


You could see a hippogriff, Menkaure and a centaur.

Vanquished Creatures
  Sigmund (D:2)
  A phantom (D:5)
  An ice beast (D:6)
  A sky beast (D:3)
  An ogre (D:4)
  A bullfrog zombie (D:5)
  2 hounds
  An orc priest (D:3)
  4 iguanas
  2 orc wizards (D:3)
  4 worker ants
  A hound skeleton (D:5)
  4 gnolls
  4 adders
  A howler monkey skeleton (D:4)
  A shadow imp (D:3)
  2 oozes
  3 worms
  A dart slug (D:1)
  6 leopard geckos
  5 orcs
  6 giant cockroaches
  7 goblins
  8 hobgoblins
  5 jackals
  2 quokkas (D:5)
  3 ball pythons
  8 bats
  5 frilled lizards
  2 gnoll zombies (D:5)
  11 kobolds
  5 rats
109 creatures vanquished.

Notes
Turn   | Place    | Note
-------+----------+-------------------------------------------
     0 | D:1      | Borgoz the Ghoul Assassin began the quest for the Orb.
     0 | D:1      | Reached XP level 1. HP: 17/17 MP: 0/0
    59 | D:1      | Reached skill level 1 in Dodging
    76 | D:1      | Reached XP level 2. HP: 10/24 MP: 1/1
   875 | D:1      | Reached XP level 3. HP: 28/30 MP: 2/2
   917 | D:1      | Reached skill level 1 in Armour
   944 | D:1      | HP: 1/30 [gnoll/+0 flail (9)]
  1317 | D:2      | Noticed Sigmund
  1332 | D:2      | Killed Sigmund
  1332 | D:2      | Reached XP level 4. HP: 25/38 MP: 3/3
  1332 | D:2      | Reached XP level 5. HP: 30/45 MP: 4/4
  1384 | D:2      | Reached skill level 5 in Stealth
  1403 | D:2      | Reached XP level 6. HP: 27/51 MP: 5/5
  2314 | D:3      | Found a stormy altar of Qazlal.
  2566 | D:3      | Noticed a sky beast
  2582 | D:3      | Killed a sky beast
  2582 | D:3      | Reached XP level 7. HP: 10/57 MP: 6/6
  3430 | D:4      | Found an iron altar of Okawaru.
  3594 | D:5      | Entered Level 5 of the Dungeon
  3700 | D:5      | HP: 1/58 [jackal (2)]
  4074 | D:5      | Found Kiloaxt's Antique Weapon Shoppe.
  4173 | D:5      | Found a basalt altar of Yredelemnul.
  4238 | D:5      | Reached XP level 8. HP: 65/66 MP: 7/7
  4804 | D:6      | Noticed Menkaure
  4813 | D:6      | Noticed a hippogriff
  4825 | D:6      | Slain by Menkaure

Skill      XL: |  1  2  3  4  5  6  7  8 |
---------------+-------------------------+-----
Dodging        | 1 2 3 4 |  4.3
Short Blades   | 2 3 4 |  4.6
Armour         | 2 3 4 |  4.1
Fighting       | 3 4 |  4.1
Stealth        | 5 |  5.9
Throwing       | |  1.7

Action                   |  1- 3 |  4- 6 |  7- 9 || total
-------------------------+-------+-------+-------++-------
Melee: Dagger            |   100 |   121 |   203 ||   424
Evoke: Wand              |       |       |     7 ||     7
  Use: Potion            |     4 |     1 |     6 ||    11
       Scroll            |       |       |     9 ||     9
 Stab: Sleeping          |     9 |    21 |    15 ||    45
       Invisible         |       |     1 |       ||     1
  Eat: Chunk             |     7 |     1 |    12 ||    20
Armor: Robe              |    20 |    22 |    17 ||    59
       Ring mail         |       |       |    24 ||    24
Dodge: Dodged            |    61 |    57 |   126 ||   244
